 Seeded DCSS version 0.30.1-9-gdf580d7c3d (webtiles) character file.

Game seed: 920673320228942481 (custom seed)

96577 Psyclone the Devastator (level 15, -38/96 HPs)
             Began as a Deep Elf Conjurer on Oct 10, 2023.
             Was an Initiate of Gozag.
             Annihilated by a minotaur
             ... wielding a +1 long sword of flaming
              (52 damage)
             ... in a Gauntlet.
             The game lasted 01:27:16 (31740 turns).

Psyclone the Devastator (Deep Elf Conjurer)        Turns: 31740, Time: 01:27:17

Health: -38/96     AC: 14    Str:  4    XL:     15   Next: 69%
Magic:  14/33      EV: 16    Int: 38    God:    Gozag
Gold:   2201       SH:  6    Dex: 13    Spells: 7/38 levels left

rFire   + + .        b - staff of poison
rCold   + . .        y - +0 buckler {rF+}
rNeg    . . .        n - +1 robe {rC+ rF+}
rPois   +            M - +1 helmet
rElec   +            c - +0 cloak "Luopt" {Drain rElec rPois Int+7}
rCorr   .            h - +2 pair of gloves {Stlth+}
SInv    +            Z - +0 pair of boots
Will    +....        e - amulet of the acrobat
Stlth   +++          r - +4 ring of protection
HPRegen 0.36/turn    v - ring of wizardry
MPRegen 0.23/turn

%: no teleportation, acrobat, wizardry (x1)
@: studying Shields
A: hooves 1, see invisible, electricity resistance
a: Renounce Religion, Potion Petition, Call Merchant, Bribe Branch


You were in a Gauntlet.
You worshipped Gozag.
Gozag was most pleased with you.
You visited 3 branches of the dungeon, and saw 22 of its levels.
You also visited: Gauntlet.

You collected 11745 gold pieces.
You spent 6271 gold pieces at shops.
You paid 3273 gold pieces to Gozag.

Inventory:

Hand Weapons
 k - a +2 dagger of venom
Armour
 c - the +0 cloak "Luopt" (worn) {Drain rElec rPois Int+7}
   (You bought it in a shop on level 7 of the Dungeon)

   Int:       It affects your intelligence (+7).
   rElec:     It insulates you from electricity.
   rPois:     It protects you from poison.
   Drain:     It drains your maximum health when unequipped.
 h - a +2 pair of gloves of stealth (worn)
 n - a +1 robe of resistance (worn)
 y - a +0 buckler of fire resistance (worn)
 M - a +1 helmet (worn)
 Z - a +0 pair of boots (worn)
Magical Staves
 a - a staff of fire
 b - a staff of poison (weapon)
Jewellery
 e - an amulet of the acrobat (around neck)
 r - a +4 ring of protection (left hand)
 v - a ring of wizardry (right hand)
 A - a ring of resist corrosion
 L - the amulet "Giogomotz" {rF+++ Regen+ Str+6 Int+3}
   (You found it on level 6 of the Dungeon)

   [amulet of regeneration]

   Str:       It affects your strength (+6).
   Int:       It affects your intelligence (+3).
   rF:        It renders you almost immune to fire.
   Regen:     It increases your rate of health regeneration.
 U - the ring of the Voivode {Drain Str+5 Int+6}
   (You found it in a Gauntlet)

   [ring of intelligence]

   Str:       It affects your strength (+5).
   Int:       It affects your intelligence (+6).
   Drain:     It drains your maximum health when unequipped.
Wands
 E - a wand of paralysis (26)
 I - a wand of polymorph (33)
 R - a wand of digging (8)
 S - a wand of flame (11)
 V - a wand of roots (8)
 Y - a wand of light (6)
Scrolls
 i - 5 scrolls of enchant weapon {unknown}
 m - 23 scrolls of identify {@r1}
 o - 5 scrolls of blinking {unknown}
 p - 2 scrolls of silence {unknown}
 q - 4 scrolls of immolation {unknown}
 s - 6 scrolls of fog {unknown}
 t - 16 scrolls of teleportation
 w - 3 scrolls of enchant armour {unknown}
 D - 5 scrolls of fear
 F - 3 scrolls of poison {unknown}
 J - a scroll of vulnerability {unknown}
 K - 9 scrolls of noise {unknown}
 W - 2 scrolls of summoning {unknown}
Potions
 d - 2 potions of lignification {unknown}
 f - 3 potions of ambrosia {unknown}
 g - 3 potions of might {unknown}
 j - 4 potions of resistance
 l - 4 potions of attraction {unknown}
 u - 6 potions of degeneration {unknown}
 x - 2 potions of cancellation {unknown}
 z - 6 potions of heal wounds {unknown}
 B - 2 potions of brilliance
 C - 2 potions of invisibility {unknown}
 G - 2 potions of magic
 H - 6 potions of curing {unknown}
 N - a potion of berserk rage
 O - a potion of haste {unknown}
 P - 4 potions of flight
 X - 2 potions of mutation
Miscellaneous
 Q - a phantom mirror
 T - a piece from Xom's chessboard (15/15)


   Skills:
 - Level 12.0 Fighting
 - Level 3.0 Armour
 - Level 12.0 Dodging
 - Level 2.4 Stealth
 - Level 10.0 Shields
 - Level 12.0 Spellcasting
 * Level 20.8 Conjurations
 * Level 12.1 Fire Magic
 - Level 9.0 Poison Magic


You had 7 spell levels left.
You knew the following spells:

 Your Spells              Type           Power      Damage    Failure   Level
a - Poisonous Vapours     Pois/Air       100%       N/A       1%          2
b - Searing Ray           Conj           100%       2d8       0%          2
c - Fireball              Conj/Fire      49%        3d19      1%          5
d - Fulminant Prism       Conj/Hex       40%        3d19      1%          4
e - Iskenderun's Mystic   Conj/Tloc      80%        2d16      1%          4
f - Freezing Cloud        Conj/Ice/Air   33%        6-21      1%          5
q - Blink                 Tloc           44%        N/A       1%          2
s - Ignite Poison         Fire/Tmut/Pois 85%        N/A       1%          3
x - Olgreb's Toxic Radia  Pois           95%        N/A       1%          4

Your spell library contained the following spells:

 Spells                   Type           Power      Damage    Failure   Level
 Foxfire                  Conj/Fire      100%       2x1d9     0%          1
 Magic Dart               Conj           100%       1d8       0%          1
 Iskenderun's Battlesphe  Conj           100%       2d15      0%          5
 Kiss of Death            Conj/Necr      100%       2d13      1%          1
 Sandblast                Erth           44%        2d11      1%          1
 Passwall                 Tmut/Erth      18%        N/A       1%          2
 Scorch                   Fire           100%       2d9       1%          2
 Dazzling Flash           Conj/Hex       100%       N/A       1%          3
 Mephitic Cloud           Conj/Pois/Air  99%        N/A       1%          3
 Stone Arrow              Conj/Erth      100%       3d13      1%          3
 Flame Wave               Conj/Fire      99%        2d21      1%          4
 Irradiate                Conj/Tmut      40%        3d25      1%          5
 Starburst                Conj/Fire      49%        6d14      1%          6
 Orb of Destruction       Conj           55%        9d14      1%          7
 Conjure Ball Lightning   Conj/Air       40%        3x3d13    2%          6
 Call Canine Familiar     Summ           22%        N/A       3%          3
 Confusing Touch          Hex            22%        N/A       3%          3
 Frozen Ramparts          Ice            44%        1d7       3%          3
 Portal Projectile        Hex/Tloc       44%        N/A       3%          3
 Vampiric Draining        Necr           22%        2d7       3%          3
 Dispel Undead            Necr           22%        3d12      11%         4
 Ice Form                 Ice/Tmut       22%        N/A       11%         4
 Leda's Liquefaction      Hex/Erth       11%        N/A       11%         4
 Manifold Assault         Tloc           22%        N/A       11%         4
 Summon Ice Beast         Ice/Summ       22%        N/A       11%         4
 Summon Lightning Spire   Summ/Air       22%        N/A       11%         4
 Plasma Beam              Fire/Air       31%        2x1d48    13%         6
 Eringya's Noxious Bog    Tmut/Pois      35%        N/A       24%         6
 Blade Hands              Tmut           11%        N/A       26%         5
 Borgnjor's Vile Clutch   Necr/Erth      11%        N/A       26%         5
 Yara's Violent Unravell  Hex/Tmut       11%        3d6       26%         5
 Dispersal                Tloc           11%        N/A       80%         6
 Summon Cactus Giant      Summ           11%        N/A       80%         6
 Dragon Form              Tmut           11%        N/A       100%        7
 Storm Form               Tmut/Air       11%        N/A       100%        7
 Ignition                 Fire           43%        3d12      41%         8
 Fire Storm               Conj/Fire      49%        8d13      73%         9
 Borgnjor's Revivificati  Necr           11%        N/A       100%        8
 Discord                  Hex            11%        N/A       100%        8
 Disjunction              Tloc           11%        N/A       100%        8
 Maxwell's Capacitive Co  Air            11%        ∞         100%        8
 Chain Lightning          Conj/Air       40%        3d53      100%        9
 Shatter                  Erth           11%        3d12*     100%        9


Dungeon Overview and Level Annotations

Branches:
Dungeon (15/15) Zot: 26673  Temple (0/1) D:6            Lair (5/5) D:8 Zot: 21712
  Swamp (0/4) Lair:3        Snake (0/4) Lair:3        Slime (0/5) Lair:5
    Orc (2/2) D:11 Zot: 9399     Elf (0/3) Orc:2        Vaults (0/5) D:13
Gauntlet (1/1) Zot: 5506
 Depths: D:15

Altars:
Ashenzari
Fedhas
Gozag
Makhleb
Ru
Wu Jian
Yredelemnul
Zin

Shops:
D:3 *:   D:7 :::[   D:12 [   D:13 (   Orc:1 (   Orc:2 **:?

Annotations:
Gauntlet 8 transporters


Innate Abilities, Weirdness & Mutations

You have large cloven feet.
You have supernaturally acute eyesight. (SInv)
You are resistant to electric shocks. (rElec)


Message History

The silver sears you!
You take 20 damage, and have 43/96 hp.
MASSIVE DAMAGE!!
You now have 24/33 mp.
You are engulfed in freezing vapours.
You resist.
The minotaur drinks a potion.
The minotaur goes berserk!
Your fulminant prism crackles loudly.
You take 5 damage, and have 38/96 hp.
Your fulminant prism explodes!
Casting: Fulminant Prism (safe; 1% risk of failure)
Confirm with . or Enter, or press ? or * to list all spells.
Aiming: Fulminant Prism (safe; 1% risk of failure)
Press: ? - help, Dir - move target You conjure a prism of explosive energy!
A fulminant prism comes into view.
You now have 21/33 mp.
Casting: Fulminant Prism (safe; 1% risk of failure)
Confirm with . or Enter, or press ? or * to list all spells.
You erupt in a blast of force!
The mystic blast hits the minotaur but does no damage.
The minotaur is lightly wounded.
You block the minotaur's attack. The minotaur misses you.
Your fulminant prism crackles loudly.
You now have 17/33 mp.
The minotaur attacks as you move away! You block the minotaur's attack.
The minotaur gores you.
The minotaur is engulfed in freezing vapours.
The minotaur misses you. The minotaur gores you!!
* * * LOW HITPOINT WARNING * * *
Your fulminant prism explodes!
The blast of energy engulfs the minotaur!!
The minotaur is moderately wounded.
You take 25 damage, and have 14/96 hp.
MASSIVE DAMAGE!!
Casting: Iskenderun's Mystic Blast (safe; 1% risk of failure)
Confirm with . or Enter, or press ? or * to list all spells.
You erupt in a blast of force!
The mystic blast hits the minotaur but does no damage.
The minotaur is moderately wounded.
The minotaur hits you with a +1 long sword of flaming!!!
Ouch! That really hurt!
You die...
Your body crumbles into a pile of gold.

#.............#
#.###########.#
#.#. #.#. ####
##
#.#.##⌠.⌠##.#
#.#..#.H.§§.#
#.##.# #☼#
#....#####H#
##.#......@#
#.######### #..
####


You could see a minotaur (berserk).

Vanquished Creatures
  A stone giant (Orc:2)
  A dire elephant (Lair:5)
  A blizzard demon (Gauntlet)
  Josephine (D:14)
  Fannar (Lair:1)
  Harold (D:10)
  2 ogre magi (Orc:2)
  3 hydras
  4 vault guards (D:13)
  The ghost of mkat the Thaumaturge, a journeyman FoHW (D:9)
  4 boulder beetles
  A catoblepas (Lair:5)
  17 two-headed ogres
  3 centaur warriors
  Erica (D:8)
  A death knight (D:14)
  11 death yaks
  A deep troll shaman (Lair:5)
  Urug (Lair:5)
  An orc high priest (Orc:1)
  6 hell knights (D:10)
  A fire crab (Gauntlet)
  2 skysharks
  Pikel (D:8)
  2 deep trolls (Orc:2)
  3 bog bodies (Lair:3)
  An orc knight (D:15)
  A necromancer (D:10)
  2 orc sorcerers
  A deep elf pyromancer (D:14)
  13 ugly things
  2 manticores (D:14)
  4 cyclopes
  19 elephants
  Joseph (D:8)
  5 cane toads
  2 torpor snails (Lair:2)
  A gargoyle (D:13)
  An unseen horror (D:11)
  2 rime drakes
  A kobold demonologist (D:6)
  An ice devil (Gauntlet)
  10 komodo dragons
  3 polar bears
  A wind drake (shapeshifter) (D:13)
  9 trolls
  11 blink frogs
  8 dream sheep
  A hornet (D:10)
  A jumping spider (shapeshifter) (D:13)
  A vampire (D:13)
  Sigmund (D:4)
  6 wraiths
  A shadow (D:10)
  A slime creature (D:13)
  6 wyverns
  3 fire bats (Gauntlet)
  52 yaks
  6 basilisks
  2 steam dragons
  Grum (D:8)
  Menkaure (D:5)
  7 vampire mosquitoes
  A swamp worm (Lair:3)
  2 wargs
  3 nagas (Lair:3)
  An acid dragon (D:12)
  9 hell hounds
  16 water moccasins
  Duvessa (D:7)
  A meliai simulacrum (D:15)
  A sky beast (D:7)
  4 black bears
  14 orc warriors
  2 ice beasts
  13 wolves
  14 centaurs
  23 ogres
  3 lemures (D:8)
  2 phantoms (D:6)
  2 kobold brigands
  Blork the orc (D:4)
  3 gnoll sergeants
  9 scorpions
  10 bullfrogs
  Dowan (D:7)
  5 wights
  14 killer bees
  4 howler monkeys (D:9)
  An electric eel (Lair:3)
  4 hounds
  9 orc priests
  Crazy Yiuf (D:2)
  A gnoll bouda (Lair:4)
  3 jellies
  Natasha (thrice) (D:2)
  An iguana (D:5)
  Ijyb (D:5)
  19 orc wizards
  Robin (D:4)
  15 gnolls
  5 adders
  9 white imps
  An ufetubus (D:6)
  A worm (D:3)
  2 dart slugs
  69 orcs
  9 ball pythons
  11 endoplasms
  A giant cockroach (D:2)
  9 goblins
  7 hobgoblins
  2 quokkas
  3 training dummies (Orc:1)
  4 bats
  17 kobolds
  4 rats
633 creatures vanquished.

Vanquished Creatures (others)
  A centaur (D:11)
  88 fulminant prisms
89 creatures vanquished.

Grand Total: 722 creatures vanquished

Notes
Turn   | Place    | Note
-------+----------+-------------------------------------------
     0 | D:1      | Psyclone the Deep Elf Conjurer began the quest for the Orb.
     0 | D:1      | Reached XP level 1. HP: 10/10 MP: 6/6
   164 | D:4      | Noticed a hound
   169 | D:4      | Killed a hound
   170 | D:4      | Reached skill level 5 in Conjurations
   170 | D:4      | Reached XP level 2. HP: 15/15 MP: 2/8
   170 | D:4      | Reached XP level 3. HP: 19/19 MP: 2/9
   391 | D:5      | Entered Level 5 of the Dungeon
   417 | D:5      | Noticed a scorpion
   423 | D:5      | Killed a scorpion
   424 | D:5      | Reached skill level 6 in Conjurations
   424 | D:5      | Reached XP level 4. HP: 24/24 MP: 3/10
   479 | D:5      | Learned a level 2 spell: Searing Ray
   484 | D:5      | Noticed Menkaure
   505 | D:6      | Noticed a phantom
   512 | D:6      | Killed a phantom
   513 | D:6      | Reached skill level 7 in Conjurations
   513 | D:6      | Reached XP level 5. HP: 28/28 MP: 2/11
   515 | D:6      | Noticed a centaur
   660 | D:7      | Noticed a steam dragon
   668 | D:7      | Killed a steam dragon
   669 | D:7      | Reached skill level 8 in Conjurations
   669 | D:7      | Reached XP level 6. HP: 32/32 MP: 3/12
   682 | D:7      | Found an opulent altar of Gozag.
   740 | D:7      | Identified 3 scrolls of acquirement
   740 | D:7      | Acquired 1178 gold pieces
   748 | D:7      | Acquired 1340 gold pieces
   754 | D:7      | Acquired 1169 gold pieces
   756 | D:7      | Became a worshipper of Gozag Ym Sagoz the Greedy
   873 | D:7      | Bought a faintly glowing cloak for 218 gold pieces
   873 | D:7      | Identified the +0 cloak "Luopt" {Drain rElec rPois Int+7}
                  | (You bought it in a shop on level 7 of the Dungeon)
   873 | D:7      | Bought a pair of runed gloves for 172 gold pieces
   891 | D:7      | Learned a level 4 spell: Fulminant Prism
   896 | D:7      | Learned a level 4 spell: Iskenderun's Mystic Blast
   906 | D:7      | Found a broken altar of Ashenzari.
   990 | D:7      | Reached skill level 9 in Conjurations
  1101 | D:7      | Noticed Dowan
  1122 | D:7      | Killed Dowan
  1123 | D:7      | Reached XP level 7. HP: 36/36 MP: 9/13
  1279 | D:7      | Reached skill level 10 in Conjurations
  1378 | D:7      | Noticed Duvessa
  1385 | D:7      | Killed Duvessa
  1596 | D:7      | Found a glowing silver altar of Zin.
  1712 | D:7      | Found a blossoming altar of Fedhas.
  1821 | D:7      | Reached skill level 11 in Conjurations
  1821 | D:7      | Reached XP level 8. HP: 41/41 MP: 8/14
  2234 | D:7      | Reached skill level 12 in Conjurations
  2757 | D:7      | Bought a glowing robe for 85 gold pieces
  3044 | D:6      | Reached skill level 13 in Conjurations
  3294 | D:5      | Killed Menkaure
  3295 | D:5      | Reached XP level 9. HP: 45/45 MP: 10/15
  3301 | D:5      | Identified the amulet "Deiwnuuf" {Spirit rPois Str+4}
  3459 | D:4      | Noticed Blork the orc
  3464 | D:4      | Killed Blork the orc
  4838 | D:2      | Found a runed translucent door.
  4839 | D:2      | Noticed Crazy Yiuf
  4915 | D:2      | Killed Crazy Yiuf
  5184 | D:2      | Noticed Natasha
  5189 | D:2      | Killed Natasha
  5406 | D:2      | Noticed Natasha
  5413 | D:2      | Killed Natasha
  5681 | D:2      | Noticed Natasha
  5685 | D:2      | Killed Natasha
  5837 | D:3      | Found Rylak's Book Boutique.
  5943 | D:3      | Found Xyxiz's Assorted Antiques.
  5994 | D:3      | Bought 2 fizzy ruby potions for 41 gold pieces
  5994 | D:3      | Gained mutation: Your magical capacity is low. (-10% MP)
                  | [potion of mutation]
  5994 | D:3      | Gained mutation: You have sharp toenails. [potion of
                  | mutation]
  5994 | D:3      | Gained mutation: Your magical capacity is very low. (-20%
                  | MP) [potion of mutation]
  5995 | D:3      | Lost mutation: You have sharp toenails. [potion of
                  | mutation]
  5995 | D:3      | Lost mutation: Your magical capacity is very low. (-20% MP)
                  | [potion of mutation]
  5995 | D:3      | Lost mutation: Your magical capacity is low. (-10% MP)
                  | [potion of mutation]
  5995 | D:3      | Gained mutation: You have a pair of small antennae on your
                  | head. [potion of mutation]
  5995 | D:3      | Gained mutation: You occasionally lose the ability to read
                  | scrolls when taking damage. [potion of mutation]
  5995 | D:3      | Gained mutation: You have large cloven feet. [potion of
                  | mutation]
  5995 | D:3      | Gained mutation: You are resistant to electric shocks.
                  | (rElec) [potion of mutation]
  5996 | D:3      | Lost mutation: You occasionally lose the ability to read
                  | scrolls when taking damage. [potion of mutation]
  5996 | D:3      | Lost mutation: You have a pair of small antennae on your
                  | head. [potion of mutation]
  5996 | D:3      | Gained mutation: You have supernaturally acute eyesight.
                  | (SInv) [potion of mutation]
  6695 | D:4      | Noticed Sigmund
  6698 | D:4      | Killed Sigmund
  6699 | D:4      | Reached skill level 5 in Spellcasting
  7079 | D:4      | Got the Precepts of Hapless Last Rites
  7343 | D:4      | Noticed Robin
  7349 | D:4      | Killed Robin
  7768 | D:5      | Noticed Ijyb
  7775 | D:5      | Killed Ijyb
  8379 | D:5      | Found a sacrificial altar of Ru.
  8432 | D:6      | Identified the amulet "Giogomotz" {rF+++ Regen+ Str+6
                  | Int+3}
  8492 | D:6      | Found a staircase to the Ecumenical Temple.
  8769 | D:7      | Bought a manual of Shields for 1120 gold pieces
  8838 | D:6      | Reached skill level 1 in Shields
  8898 | D:6      | Noticed a kobold demonologist
  8906 | D:6      | Killed a kobold demonologist
  8907 | D:6      | Reached XP level 10. HP: 50/50 MP: 15/25
  9103 | D:6      | Found a burning altar of Makhleb.
  9120 | D:6      | Reached skill level 5 in Shields
  9582 | D:8      | Noticed Erica
  9591 | D:8      | Killed Erica
  9828 | D:8      | Found a staircase to the Lair.
  9992 | D:8      | Reached skill level 10 in Shields
  9996 | D:8      | Reached skill level 10 in Spellcasting
 10247 | D:8      | Noticed Joseph
 10263 | D:8      | Killed Joseph
 10264 | D:8      | Reached skill level 5 in Dodging
 10350 | D:8      | Noticed Grum
 10365 | D:8      | Reached XP level 11. HP: 39/54 MP: 11/27
 10371 | D:8      | Killed Grum
 10714 | D:8      | Noticed Pikel
 10721 | D:8      | Killed Pikel
 11592 | D:9      | Found a transporter.
 11594 | D:9      | Noticed a two-headed ogre
 11594 | D:9      | Noticed a two-headed ogre
 11597 | D:9      | Noticed a two-headed ogre
 11608 | D:9      | Noticed a two-headed ogre
 11755 | D:9      | Found an ornate altar of the Wu Jian Council.
 11820 | D:9      | Found a basalt altar of Yredelemnul.
 12507 | D:9      | Reached skill level 10 in Dodging
 12566 | D:9      | Found a transporter.
 12566 | D:9      | Noticed mkat's ghost (journeyman FoHW)
 12566 | D:9      | Noticed a two-headed ogre
 12809 | D:10     | Entered Level 10 of the Dungeon
 12813 | D:10     | Paralysed by a hornet for 1 turns
 12818 | D:10     | Reached skill level 14 in Conjurations
 12822 | D:9      | Reached skill level 1 in Fire Magic
 12956 | D:10     | Noticed a two-headed ogre
 12962 | D:10     | Killed a two-headed ogre
 12978 | D:10     | Reached skill level 5 in Fire Magic
 13412 | D:7      | Bought a manual of Fighting for 1200 gold pieces
 13464 | D:10     | Noticed Harold
 13475 | D:10     | Killed Harold
 13767 | D:10     | Learned a level 2 spell: Blink
 13863 | D:10     | Noticed a hell knight
 13984 | D:10     | Killed a hell knight
 14232 | D:10     | Noticed a hell knight
 14238 | D:10     | Killed a necromancer
 14239 | D:10     | Reached XP level 12. HP: 67/67 MP: 20/28
 14242 | D:10     | Reached skill level 5 in Fighting
 14912 | D:11     | Noticed a two-headed ogre
 14922 | D:11     | Killed a two-headed ogre
 15590 | D:11     | Noticed a boulder beetle
 15605 | D:11     | Killed a boulder beetle
 15770 | D:11     | Found a staircase to the Orcish Mines.
 16096 | D:11     | Learned a level 5 spell: Fireball
 16102 | D:11     | Learned a level 5 spell: Freezing Cloud
 16165 | Lair:1   | Entered Level 1 of the Lair of Beasts
 16181 | Lair:1   | Reached skill level 10 in Fighting
 16557 | Lair:1   | Reached skill level 10 in Fire Magic
 16866 | D:7      | Bought Sif Muna's Handbook of Torrid Moulding for 672 gold
                  | pieces
 17134 | Lair:1   | Noticed Fannar
 17154 | Lair:1   | Killed Fannar
 17845 | Lair:2   | Reached XP level 13. HP: 82/82 MP: 24/29
 18677 | D:7      | Bought the Unrestrained Analects for 598 gold pieces
 18682 | D:7      | Learned a level 4 spell: Olgreb's Toxic Radiance
 18686 | D:7      | Learned a level 3 spell: Ignite Poison
 19016 | Lair:2   | Reached skill level 1 in Poison Magic
 19835 | Lair:3   | Reached skill level 5 in Poison Magic
 19987 | Lair:3   | Found a staircase to the Snake Pit.
 20442 | Lair:3   | Learned a level 1 spell: Kiss of Death
 20889 | Lair:3   | Found a staircase to the Swamp.
 21608 | Orc:1    | Entered Level 1 of the Orcish Mines
 21620 | Orc:1    | Learned a level 2 spell: Poisonous Vapours
 21716 | Orc:1    | Found Lodem's Firing Range.
 22102 | Orc:2    | Entered Level 2 of the Orcish Mines
 22136 | Orc:2    | Found a staircase to the Elven Halls.
 22659 | Orc:2    | Reached XP level 14. HP: 88/88 MP: 2/32
 22920 | Orc:2    | Reached skill level 1 in Armour
 23099 | Orc:2    | Noticed a stone giant
 23118 | Orc:2    | Killed a stone giant
 23610 | Orc:2    | Found Enioni's Magic Scroll Emporium.
 23615 | Orc:2    | Found Poenyon's Book Shop.
 23620 | Orc:2    | Found Hoantoc's Assorted Antiques.
 23621 | Orc:2    | Found Nalecwih's Assorted Antiques.
 23864 | Orc:2    | Bought a runed buckler for 225 gold pieces
 24592 | D:9      | Killed mkat's ghost
 25003 | D:7      | Bought a manual of Conjurations for 1040 gold pieces
 25759 | Lair:4   | Reached skill level 15 in Conjurations
 26147 | Lair:5   | Entered Level 5 of the Lair of Beasts
 26148 | Lair:5   | Noticed Urug
 26151 | Lair:5   | Killed Urug
 26733 | Lair:5   | Found a staircase to the Slime Pits.
 26738 | Lair:5   | Reached skill level 16 in Conjurations
 27274 | Lair:5   | Reached skill level 17 in Conjurations
 27277 | Lair:5   | Reached XP level 15. HP: 90/96 MP: 9/33
 27974 | D:7      | Bought a book of Annihilations for 900 gold pieces
 28215 | D:12     | Reached skill level 18 in Conjurations
 28544 | D:12     | Found a transporter.
 28548 | D:12     | Found Atixus's Armour Emporium.
 28567 | D:12     | Found a transporter.
 28958 | D:13     | Found a gate to the Vaults.
 28963 | D:13     | Reached skill level 19 in Conjurations
 29349 | D:13     | Found Ciute's Weapon Shoppe.
 30082 | D:14     | Reached skill level 20 in Conjurations
 30151 | D:14     | Noticed Josephine
 30156 | D:14     | Killed Josephine
 30921 | D:15     | Entered Level 15 of the Dungeon
 30932 | D:15     | Identified the +1 long sword of Articulation {heavy, Str+3}
 31222 | D:15     | Found a gate leading to a gauntlet.
 31246 | Gauntlet | Entered a Gauntlet
 31246 | Gauntlet | Found a transporter.
 31246 | Gauntlet | Found a transporter.
 31247 | Gauntlet | Found a transporter.
 31250 | Gauntlet | Found a transporter.
 31250 | Gauntlet | Found a transporter.
 31260 | Gauntlet | Found a transporter.
 31328 | Gauntlet | Found a transporter.
 31345 | Gauntlet | Found a transporter.
 31354 | Gauntlet | Found a transporter.
 31364 | Gauntlet | Found a transporter.
 31379 | Gauntlet | Found a transporter.
 31385 | Gauntlet | Found a transporter.
 31608 | Gauntlet | Identified the +7 dagger "Ukli Rol" {freeze, rElec}
 31609 | Gauntlet | Identified the ring of the Voivode {Drain Str+5 Int+6}
 31740 | Gauntlet | Annihilated by a minotaur

Illustrated notes

Levels and vault maps discovered:
D:1:      dpeg_arrival_orchard, layout_basic
D:2:      layout_loops_corners, uniq_natasha, uniq_crazy_yiuf_cottage
D:3:      layout_basic, serial_shops, nicolae_shop_stone, shop
D:4:      layout_basic, nicolae_figureground_sparkle, uniq_sigmund, uniq_robin,
          uniq_blork_the_orc
D:5:      layout_cave_pools, nicolae_ru_path_of_blood, minmay_quadrilaterals,
          uniq_menkaure, uniq_ijyb
D:6:      cheibrodos_barr_body, layout_rooms, lemuel_doored_altar,
          minmay_temple_entry_large_hall, hangedman_decor_growths,
          minmay_fractal_squares_gapless_5
D:7:      layout_basic, mainiacjoe_overflow_big_doors, lemuel_tele_altar,
          zin_scriptorium, nicolae_figureground_pulse, uniq_duvessa
D:8:      layout_loops_cross, minmay_lair_entry_grove, serial_demonic,
          serial_demonic_f, serial_demonic_e, serial_demonic_b,
          serial_demonic_d, serial_demonic_g, serial_demonic_f, uniq_pikel,
          uniq_joseph, uniq_grum, uniq_erica
D:9:      layout_irregular_city, mainiacjoe_overflow_catwalk_spiral,
          gammafunk_ghost_smash, serial_bayou_crossing
D:10:     layout_cross, minmay_rotating_lava, uniq_harold
D:11:     layout_cave_pools, david_orc_1_choice
D:12:     layout_rooms, serial_shops, nicolae_shop_drivethru,
          minmay_strange_pillars
D:13:     layout_irregular_city, lightli_vaults_fourway_checkpoint,
          serial_shops, nicolae_shop_temple_entry_statues_fountains
D:14:     layout_roguey, nicolae_titane, uniq_josephine
D:15:     grunt_enter_depths_snipers, layout_long_grid, gauntlet_entry_generic
Lair:1:   layout_cave_pods, beast_lair_carwin_2, serial_bayou_shore_b,
          lemuel_fruit_tree, uniq_fannar
Lair:2:   layout_loops_ring, serial_forest, infiniplex_forest_clump_small,
          infiniplex_forest_lined_1, infiniplex_forest_corner_2,
          infiniplex_forest_lined_4_way, infiniplex_forest_clump_medium,
          infiniplex_forest_clump_large, infiniplex_forest_clump_tiny,
          infiniplex_forest_clump_double, infiniplex_forest_lined_ring,
          infiniplex_forest_clump_small
Lair:3:   layout_small_grid, nicolae_swamp_entry_splash_gauntlet,
          guppyfry_snake_entry_island
Lair:4:   layout_loops_ring, dreamdust_gnoll_shepherd, lemuel_fruit_fields,
          grunt_megastairs_5
Lair:5:   grunt_lair_end_beastmaster, layout_cave_shapes,
          nicolae_slime_entry_slimehenge, uniq_urug
Orc:1:    layout_caves, nicolae_shop_firing_range
Orc:2:    st_orc_open, layout_caves, small_statue_alley_c
Gauntlet: gammafunk_gauntlet_shortcut [gammafunk_gauntlet_arena_chambers,
          nicolae_gauntlet_arena_x, gammafunk_gauntlet_arena_crates,
          nicolae_gauntlet_arena_grate_2, gammafunk_gauntlet_arena_hedges,
          gammafunk_gauntlet_arena_corners, dreamdust_gauntlet_exit_labyrinth]

Skill      XL: |  1  2  3  4  5  6  7  8  9 10 11 12 13 14 15 |
---------------+----------------------------------------------+-----
Conjurations   | 5 6 7 8 9 11 13 14 17 20 | 20.8
Spellcasting   | 9 10 12 | 12.0
Shields        | 3 10 | 10.0
Dodging        | 6 10 12 | 12.0
Fire Magic     | 6 10 12 | 12.1
Fighting       | 4 10 12 | 12.0
Poison Magic   | 9 |  9.0
Armour         | 3 |  3.0
Stealth        | |  2.4

Action                     |  1- 3 |  4- 6 |  7- 9 | 10-12 | 13-15 || total
---------------------------+-------+-------+-------+-------+-------++-------
  Melee: Dagger            |       |       |    44 |   112 |       ||   156
         Kick              |       |       |       |    49 |       ||    49
         Staff             |       |       |       |     8 |   139 ||   147
   Cast: Magic Dart        |    22 |     6 |   134 |    46 |     2 ||   210
         Searing Ray       |       |     7 |    70 |    73 |     1 ||   151
         Fulminant Prism   |       |       |     1 |    72 |    15 ||    88
         Iskenderun's Myst |       |       |       |    54 |    64 ||   118
         Blink             |       |       |       |    18 |       ||    18
         Ignite Poison     |       |       |       |       |   119 ||   119
         Olgreb's Toxic Ra |       |       |       |       |    72 ||    72
         Poisonous Vapours |       |       |       |       |   109 ||   109
         Freezing Cloud    |       |       |       |       |    43 ||    43
         Fireball          |       |       |       |       |     9 ||     9
 Invoke: Call Merchant     |       |     4 |       |       |       ||     4
  Evoke: Wand              |       |       |       |     1 |       ||     1
    Use: Scroll            |       |     3 |       |       |     3 ||     6
         Potion            |       |       |     3 |       |       ||     3
   Stab: Sleeping          |       |       |       |       |     1 ||     1
 Armour: Robe              |       |     1 |    35 |    71 |   101 ||   208
  Dodge: Dodged            |     1 |    24 |   143 |   274 |   280 ||   722
  Block: Buckler           |       |       |     1 |   105 |   100 ||   206
